 Dungeon Crawl Stone Soup version 0.27-a0-1200-g94dc6ad4cf (webtiles) character file.

Game seed: 12073371030092299155

1550 bande the Covered (level 8, -6/50 HPs)
             Began as a Gargoyle Fighter on May 31, 2021.
             Killed from afar by Sigmund (9 damage)
             ... with a puff of flame
             ... on level 6 of the Dungeon.
             The game lasted 00:11:42 (7482 turns).

bande the Covered (Gargoyle Fighter)                Turns: 7482, Time: 00:11:43

Health: -6/50      AC: 21    Str: 21    XL:     8   Next: 88%
Magic:  8/8        EV:  5    Int:  9    God:
Gold:   950        SH: 10    Dex: 10    Spells: 7/7 levels left

rFire    . . .     SeeInvis .   f - +2 hand axe (vorpal)
rCold    + . .     Faith    .   c - +0 kite shield
rNeg     + . .     Spirit   .   g - +3 plate armour
rPois    ∞         Reflect  .   (no helmet)
rElec    +         Harm     .   (no cloak)
rCorr    .         Rampage  .   (no gloves)
Will     .....                  (no boots)
Stlth    ..........             (no amulet)
HPRegen  0.16/turn              h - ring of protection from cold
MPRegen  0.11/turn              (no ring)

@: no status effects
A: sickness immunity, AC +5, negative energy resistance 1, electricity
resistance, torment resistance 1, petrification resistance
a: no special abilities


You were on level 6 of the Dungeon.
You visited 1 branch of the dungeon, and saw 6 of its levels.

You collected 950 gold pieces.

Inventory:

Hand Weapons
 a - a +0 war axe
 b - a +3 flail of protection
 f - a +2 vorpal hand axe (weapon)
Missiles
 m - 8 atropa-tipped darts (quivered)
 q - 8 curare-tipped darts
Armour
 c - a +0 kite shield (worn)
 g - a +3 plate armour (worn)
Jewellery
 h - a ring of protection from cold (left hand)
Scrolls
 i - a scroll of magic mapping
Potions
 d - 3 potions of might
 e - 2 potions of magic
 j - a potion of berserk rage
 k - a potion of curing
 l - a potion of brilliance
 n - 2 potions of cancellation
 o - a potion of heal wounds
 p - a potion of attraction {unknown}


   Skills:
 + Level 5.6 Fighting
 + Level 6.3 Axes
 + Level 6.5 Armour
 + Level 1.2 Dodging
 + Level 6.2 Shields


You had 7 spell levels left.
You didn't know any spells.
Your spell library contained the following spells:

 Spells                   Type           Power      Damage    Failure   Level
 Magic Dart               Conj           0%         1d3       100%        1
 Searing Ray              Conj           0%         3d3       100%        2
 Dazzling Flash           Conj/Hex       0%         N/A       100%        3
 Fulminant Prism          Conj/Hex       0%         3d6       100%        4
 Iskenderun's Mystic Bla  Conj/Tloc      0%         2d3       100%        4


Dungeon Overview and Level Annotations

Branches:
Dungeon (6/15)
 Temple: D:4-7

Altars:
Elyvilon

Shops:
D:5 (

Annotations:
D:6 Sigmund


Innate Abilities, Weirdness & Mutations

You are immune to sickness and miasma.
Your stone body is resilient. (AC +5)
You are immune to poison.
You resist negative energy. (rN+)
You are resistant to electric shocks. (rElec)
You are resistant to unholy torment.
You are immune to petrification.


Message History

You slash the black bear!
The black bear is severely wounded.
The black bear bites you but does no damage.
You block the black bear's attack.
The black bear claws you but does no damage.
You slash the black bear!
You kill the black bear!
You block something's attack. Something hits you.
You hear some strange, mumbled words.
Something tries to affect you, but you resist.
A puff of flame appears from out of thin air!
The puff of flame hits you.
You see here the +3 whip "Meloj" {elec, +Blink rC+}.
Something hits you.
A magic dart appears from out of thin air!
The magic dart hits you!
A puff of flame appears from out of thin air!
The puff of flame hits you but does no damage.
Something hits you but does no damage.
You hit something. Something hits you but does no damage. Something hits you.
You barely miss something.
Something hits you but does no damage. x2
You barely miss something. Something hits you but does no damage.
Something hits you.
You closely miss something. Something hits you but does no damage.
You miss something. Something hits you but does no damage. Something hits you.
* * * LOW HITPOINT WARNING * * *
x2 You miss something.
Something hits you but does no damage. You block something's attack.
You hit something. Something hits you!
* * * LOW HITPOINT WARNING * * *
x2 Something hits you but does no damage.
You miss something.
You hear some strange, mumbled words.
Something tries to affect you, but you resist.
You barely miss something.
You hear some strange, mumbled words.
A puff of flame appears from out of thin air!
The puff of flame hits you!
You die...

#...)#
#...#######..
#............
..#.
##)..........l
..#..
##.##########..
.#... ##.##
.....### ##.##
.##.....###{.#
.
#..#.....#@.##
#.#..........##
...#........##
..........##
..#......#
#.##....##
#..#....#
#..#..###
#...##


There were no monsters in sight!

Vanquished Creatures
  Grinder (D:5)
  Eustachio (D:5)
  An ice beast (D:5)
  A black bear (D:6)
  An ogre (D:4)
  A phantom (D:5)
  Blork the orc (D:5)
  A water moccasin zombie (D:5)
  A water moccasin skeleton (D:5)
  2 hounds
  A jelly (D:5)
  4 orc priests
  5 iguanas
  An orc wizard (D:6)
  Natasha (thrice) (D:3)
  A hound zombie (D:5)
  A howler monkey skeleton (D:4)
  6 adders
  6 gnolls
  An ufetubus (D:5)
  4 worms
  A dart slug (D:5)
  24 orcs
  5 ball pythons
  3 bats
  7 endoplasms
  5 giant cockroaches
  12 goblins
  6 hobgoblins
  3 jackals (D:1)
  2 quokkas (D:2)
  3 frilled lizards
  A kobold (D:1)
  6 rats
122 creatures vanquished.

Notes
Turn   | Place    | Note
-------+----------+-------------------------------------------
     0 | D:1      | bande the Gargoyle Fighter began the quest for the Orb.
     0 | D:1      | Reached XP level 1. HP: 14/14 MP: 1/1
   287 | D:1      | Reached XP level 2. HP: 19/19 MP: 2/2
   463 | D:1      | Found a faded altar of an unknown god.
   914 | D:2      | Identified a scroll of acquirement
   914 | D:2      | Acquired 711 gold pieces
   935 | D:2      | Reached XP level 3. HP: 21/24 MP: 3/3
  1233 | D:2      | Reached XP level 4. HP: 4/29 MP: 4/4
  2565 | D:3      | Reached XP level 5. HP: 33/33 MP: 5/5
  3285 | D:3      | Noticed Natasha
  3293 | D:3      | Killed Natasha
  3294 | D:3      | Reached XP level 6. HP: 23/38 MP: 6/6
  3378 | D:3      | Noticed Natasha
  3388 | D:3      | Killed Natasha
  3760 | D:3      | Noticed Natasha
  3773 | D:3      | Killed Natasha
  5104 | D:5      | Entered Level 5 of the Dungeon
  5104 | D:5      | Found Educoa's Weapon Shoppe.
  5267 | D:5      | Reached XP level 7. HP: 33/44 MP: 7/7
  5351 | D:5      | Reached skill level 5 in Armour
  5616 | D:5      | Reached skill level 5 in Shields
  5719 | D:5      | Reached skill level 1 in Dodging
  5740 | D:5      | Noticed Eustachio
  5775 | D:5      | Killed Eustachio
  5776 | D:5      | Reached skill level 5 in Axes
  6062 | D:4      | Reached XP level 8. HP: 47/48 MP: 8/8
  6257 | D:4      | Reached skill level 5 in Fighting
  6799 | D:6      | Found a white marble altar of Elyvilon.
  6887 | D:6      | Noticed Grinder
  6889 | D:6      | Noticed Blork the orc
  7068 | D:5      | Killed Blork the orc
  7262 | D:5      | Killed Grinder
  7445 | D:6      | Identified the +3 whip "Meloj" {elec, +Blink rC+}
  7455 | D:6      | Noticed Sigmund
  7482 | D:6      | Killed from afar by Sigmund

Illustrated notes

Levels and vault maps discovered:
D:1:      giann_wishing_wells, layout_basic,
          shapermc_ecumenical_altar_notcrosses, minmay_misc_feat_tiny,
          minivault_27
D:2:      layout_loops_ring
D:3:      layout_basic, uniq_natasha
D:4:      layout_basic, kennysheep_generic_room_13
D:5:      layout_gridville, serial_shops, nicolae_shop_trees, uniq_eustachio
D:6:      layout_cave_pods, overflow_temple_1_default,
          minmay_temple_entry_mini_moons, uniq_sigmund, uniq_grinder,
          uniq_blork_the_orc

Skill      XL: |  1  2  3  4  5  6  7  8 |
---------------+-------------------------+-----
Axes           | 2 3 4 5 6 |  6.3
Fighting       | 4 5 |  5.6
Armour         | 4 5 6 |  6.5
Shields        | 4 5 6 |  6.2
Dodging        | 1 |  1.2

Action                   |  1- 3 |  4- 6 |  7- 9 || total
-------------------------+-------+-------+-------++-------
Melee: War axe           |    98 |    41 |       ||   139
       Hand axe          |       |   159 |   205 ||   364
  Use: Scroll            |     3 |     7 |     1 ||    11
       Potion            |       |     2 |     2 ||     4
Armor: Scale mail        |    52 |    22 |       ||    74
       Chain mail        |       |    33 |       ||    33
       Plate armour      |       |    54 |   189 ||   243
Dodge: Dodged            |    44 |    36 |    50 ||   130
Block: Kite shield       |    51 |   113 |   125 ||   289

Table legend: (Time is in decaauts)
 A = Elapsed time spent in this place.
 B = Non-inter-level travel time spent in this place.
 C = Inter-level travel time spent in this place.
 D = Time resting spent in this place.
 E = Time spent auto-exploring this place.
 F = Levels seen in this place.
 G = Mean time per level.
                   A        B        C        D        E       F      G
               +--------+--------+--------+--------+--------+-----+--------+
         Total |   7688 |   7666 |     22 |   2640 |   3628 |   6 | 1281.3 |
       Dungeon |   7688 |   7666 |     22 |   2640 |   3628 |   6 | 1281.3 |
               +--------+--------+--------+--------+--------+-----+--------+

Top non-repeatable levels by time:
     D:5: 1917 daAuts
     D:1: 1493 daAuts
     D:3: 1420 daAuts
     D:4: 1403 daAuts
     D:2: 1204 daAuts
     D:6: 249 daAuts
